 Dungeon Crawl Stone Soup version 0.20-a0-625-g9e05219 (webtiles) character file.

10183 shpingle the Carver (level 11, -3/86 HPs)
             Began as a Minotaur Monk on Feb 12, 2017.
             Was a High Priest of Ieoh Jian.
             Slain by Snorg (18 damage)
             ... on level 10 of the Dungeon.
             The game lasted 01:11:53 (13638 turns).

shpingle the Carver (Minotaur Monk)                Turns: 13638, Time: 01:11:53

Health: -3/86      AC: 11    Str: 14    XL:     11   Next: 32%
Magic:  0/13       EV: 18    Int:  7    God:    Ieoh Jian [*****.]
Gold:   486        SH:  4    Dex: 18    Spells: 10/10 levels left

rFire    . . .     SeeInvis .   a - +1 falchion
rCold    + . .     Gourm    .   w - +3 leather armour {MR+}
rNeg     . . .     Faith    .   N - +0 buckler
rPois    .         Spirit   +   z - +1 hat
rElec    .         Reflect  .   S - +0 cloak
rCorr    .         Harm     .   (no gloves)
MR       +....                  R - +0 pair of boots
Stlth    +++.......             F - amulet of guardian spirit
Regen    0.3/turn               I - ring of stealth
                                l - ring of protection from cold

@: exhausted
A: retaliatory headbutt, horns 2, agile 1, screaming 1, weak 1, subdued magic 1
a: Serpent's Lash, Heaven On Earth, Renounce Religion


You were on level 10 of the Dungeon.
You worshipped Ieoh Jian.
Ieoh Jian was extremely pleased with you.
You were not hungry.

You visited 3 branches of the dungeon, and saw 12 of its levels.
You also visited: Ossuary.

You collected 486 gold pieces.

Inventory:

Hand Weapons
 a - a +1 falchion (weapon)
 j - the +10 flail of Nightmares {holy, Int+2}
   (You found it on level 10 of the Dungeon)

   It has been blessed by the Shining One to cause great damage to the undead
   and demons.
   It affects your intelligence (+2).
 k - a +0 hunting sling
Missiles
 p - 320 stones (quivered)
 t - 5 poisoned tomahawks
 D - 12 tomahawks
 M - 2 throwing nets
Armour
 f - a +0 troll leather armour
 v - a +1 plate armour of magic resistance
 w - a +3 leather armour of magic resistance (worn)
 y - a +2 scale mail of positive energy
 z - a +1 hat (worn)
 K - +0 ice dragon scales
 N - a +0 buckler (worn)
 R - a +0 pair of boots (worn)
 S - a +0 cloak (worn)
 U - a +2 ring mail of cold resistance
Jewellery
 l - a ring of protection from cold (left hand)
 F - an amulet of guardian spirit (around neck)
 I - a ring of stealth (right hand)
 O - an uncursed ring of wizardry
Wands
 r - a wand of paralysis (3/24)
 C - a wand of confusion (31/48)
 L - a wand of scattershot (0/9)
 V - a wand of enslavement (8/24)
 W - a wand of polymorph (11/24)
 Y - a wand of scattershot (3/9)
Scrolls
 n - a scroll of magic mapping {unknown}
 o - 8 scrolls of teleportation
 q - a scroll of enchant weapon
 B - 2 scrolls of enchant armour {unknown}
 H - a scroll of random uselessness {unknown}
 J - 5 scrolls of remove curse
 X - 2 scrolls of recharging
 Z - a scroll of immolation
Potions
 d - 10 potions of curing {unknown}
 h - 3 potions of heal wounds
 i - 2 potions of resistance
 m - 2 potions of berserk rage
 u - 4 potions of cancellation
 x - 2 potions of agility
 A - 2 potions of ambrosia
 E - 3 potions of flight
 T - 3 potions of brilliance
Books
 G - a book of Frost

   Spells                             Type                      Level
   a - Freeze                         Ice                          1
   b - Throw Frost                    Conjuration/Ice              2
   c - Ozocubu's Armour               Charms/Ice                   3
   d - Throw Icicle                   Conjuration/Ice              4
   e - Summon Ice Beast               Ice/Summoning                4
 Q - a book of Minor Magic

   Spells                             Type                      Level
   a - Magic Dart                     Conjuration                  1
   b - Blink                          Translocation                2
   c - Call Imp                       Summoning                    2
   d - Slow                           Hexes                        2
   e - Conjure Flame                  Conjuration/Fire             3
   f - Mephitic Cloud                 Conjuration/Poison/Air       3
Comestibles
 c - 6 bread rations
 g - 4 meat rations
 s - 10 royal jellies
 P - 2 fruits


   Skills:
 + Level 5.0 Fighting
 * Level 13.8 Long Blades
 + Level 9.8 Armour
 + Level 9.4 Dodging
 + Level 3.2 Stealth
 + Level 5.2 Evocations


You had 10 spell levels left.
You didn't know any spells.

Dungeon Overview and Level Annotations

Branches:
Dungeon (10/15)            Temple (1/1) D:4            Lair (1/6) D:8
    Orc: D:9-12

Altars:
Ashenzari
Cheibriados
Dithmenos
Elyvilon
Fedhas
Gozag
Hepliaklqana Ieoh Jian
Kikubaaqudgha
Makhleb
Nemelex Xobeh
Okawaru
Qazlal
Ru
Sif Muna
Trog
Uskayaw
Vehumet
Xom
Yredelemnul
Zin
The Shining One

Annotations:
D:6 1 runed door
D:10 Snorg


Innate Abilities, Weirdness & Mutations

You reflexively headbutt those who attack you in melee.
You have a pair of horns on your head.
You are agile. (Dex +2)
You occasionally shout uncontrollably at your foes.
You are weak. (Str -2)
Your spells are a little easier to cast, but a little less powerful.


Message History

You feel much better.
You spin and attack Snorg repeteadly!
You hit Snorg but do no damage. Your headbutt misses Snorg.
Snorg is severely wounded.
You barely miss Snorg.
Snorg is severely wounded.
Snorg closely misses you.
You riposte.
You hit Snorg. You headbutt Snorg.
Snorg is severely wounded.
Snorg claws you but does no damage. Snorg closely misses you.
You spin and attack Snorg repeteadly!
You slash Snorg!
Snorg is severely wounded.
You hit Snorg.
Snorg is severely wounded.
Snorg bites you but does no damage. Snorg claws you!!
* * * LOW HITPOINT WARNING * * *
Snorg claws you!
* * * LOW HITPOINT WARNING * * *
Snorg closely misses you. You furiously retaliate!
You headbutt Snorg! Snorg claws you but does no damage. Snorg claws you!!
You die... ██.. █ ██...◙.█ █..◙...██ █....◙..█ █..◙....█ ████....◙..█ ██████████

█.....◙....█
.........█
+...§§§.◙..█
.........█
█...T@◙....█
..........
█...§§§.◙..█
.........█
█.....◙....█
.█████████
█......£◙..█
...█
█....↑.....█
██.████
█████......█
█....█
██...██████


█████'████ █.....█ .........████.....█ You could see Snorg (berserk).

Vanquished Creatures
  Gastronok (D:8)
  Erolcha (D:9)
  2 unseen horrors (D:10)
  Maurice (D:8)
  A troll (D:10)
  Grum (D:8)
  Duvessa (D:4)
  A water moccasin (D:8)
  3 ice beasts
  A sky beast (D:8)
  7 phantoms
  A hornet zombie (D:8)
  7 ogres
  5 orc warriors
  A black bear (D:9)
  A necrophage (D:10)
  4 wolves (D:8)
  4 centaurs
  7 bullfrogs
  An elf zombie (Ossuary)
  Dowan (D:4)
  A water moccasin zombie (D:8)
  A gnoll sergeant (D:10)
  A water moccasin skeleton (D:4)
  3 scorpions
  4 wights (D:6)
  5 crimson imps
  2 centaur zombies
  5 jellies
  A bullfrog zombie (D:5)
  2 human zombies (Ossuary)
  6 orc priests
  2 centaur skeletons
  A hound (D:4)
  8 orc wizards
  A gnoll shaman (D:7)
  Ijyb (D:3)
  5 iguanas
  4 worker ants
  2 hound skeletons
  3 mummies (Ossuary)
  Robin (D:3)
  10 adders
  12 gnolls
  2 shadow imps
  5 oozes (D:9)
  2 adder zombies
  2 dart slugs (D:1)
  11 leopard geckos
  41 orcs
  2 ball pythons
  12 bats
  2 bat zombies (D:4)
  4 giant cockroaches
  16 goblins
  10 hobgoblins
  12 jackals
  14 kobolds
  3 quokkas
  3 frilled lizards
  A gnoll zombie (Ossuary)
  3 goblin zombies (Ossuary)
  6 hobgoblin zombies (Ossuary)
  A kobold zombie (Ossuary)
  A leopard gecko zombie (D:8)
  A quokka zombie (Ossuary)
  5 rats
  3 rat zombies
295 creatures vanquished.

Notes
Turn   | Place    | Note
-------+----------+-------------------------------------------
     0 | D:1      | shpingle the Minotaur Monk began the quest for the Orb.
     0 | D:1      | Reached XP level 1. HP: 19/19 MP: 0/0
   224 | D:1      | Reached skill level 4 in Long Blades
   224 | D:1      | Reached XP level 2. HP: 25/26 MP: 1/1
   864 | D:1      | Reached XP level 3. HP: 31/31 MP: 2/2
  1428 | D:2      | Reached XP level 4. HP: 29/39 MP: 3/3
  1463 | D:2      | Reached skill level 5 in Long Blades
  1654 | D:2      | Found a hide-covered altar of Uskayaw.
  2372 | D:3      | Noticed Robin
  2436 | D:3      | Reached skill level 3 in Armour
  2575 | D:3      | Killed Robin
  2619 | D:3      | Reached XP level 5. HP: 44/45 MP: 4/4
  2674 | D:3      | Noticed Ijyb
  2711 | D:3      | Killed Ijyb
  3303 | D:4      | Reached skill level 6 in Long Blades
  3353 | D:4      | Found an ancient bone altar of Kikubaaqudgha.
  3414 | D:4      | Noticed Duvessa
  3414 | D:4      | Noticed Dowan
  3447 | D:4      | Killed Duvessa
  3447 | D:4      | Reached XP level 6. HP: 34/51 MP: 0/5
  3447 | D:4      | Killed Dowan
  3474 | D:4      | Found a glowing golden altar of the Shining One.
  3505 | D:4      | Got a slimy tin ring
  3507 | D:4      | Identified the ring "Ijyje" {Ice rN+++ Int+4 Slay-5 Stlth-} (You found it on level 4 of the Dungeon)
  3537 | D:4      | Reached skill level 7 in Long Blades
  3537 | D:4      | Reached XP level 7. HP: 47/57 MP: 4/6
  4084 | D:4      | Reached skill level 8 in Long Blades
  4322 | D:4      | Found a staircase to the Ecumenical Temple.
  4328 | Temple   | Entered the Ecumenical Temple
  4508 | Temple   | Became a worshipper of the Ieoh Jian Council
  4508 | Temple   | Reached * piety under Ieoh Jian
  4508 | Temple   | Reached ** piety under Ieoh Jian
  5115 | D:4      | Reached XP level 8. HP: 49/64 MP: 4/7
  5233 | D:5      | Entered Level 5 of the Dungeon
  5253 | D:5      | Reached skill level 9 in Long Blades
  5389 | D:4      | Reached skill level 6 in Dodging
  5748 | D:5      | Gained mutation: You have large cloven feet. [potion of mutation]
  5748 | D:5      | Gained mutation: You are partially covered in slimy green scales. (AC +2) [potion of mutation]
  5839 | D:5      | Reached skill level 6 in Armour
  6388 | D:5      | Reached skill level 10 in Long Blades
  6689 | D:5      | Reached *** piety under Ieoh Jian
  7033 | D:6      | HP: 1/64 [orc wizard/magic dart (8)]
  7360 | D:6      | Reached XP level 9. HP: 61/70 MP: 6/8
  8122 | D:6      | Reached skill level 11 in Long Blades
  8175 | D:6      | Found a runed door.
  8939 | D:7      | Found a sand-covered staircase.
  8983 | D:7      | Reached **** piety under Ieoh Jian
  8998 | Ossuary  | Entered an ossuary
  9159 | Ossuary  | Lost mutation: You have large cloven feet. [potion of mutation]
  9159 | Ossuary  | Lost mutation: You are partially covered in slimy green scales. (AC +2) [potion of mutation]
  9159 | Ossuary  | Gained mutation: Your spells are a little easier to cast, but a little less powerful. [potion of mutation]
  9159 | Ossuary  | Gained mutation: You occasionally shout uncontrollably at your foes. [potion of mutation]
  9159 | Ossuary  | Gained mutation: You are weak. (Str -2) [potion of mutation]
  9159 | Ossuary  | Gained mutation: You are agile. (Dex +2) [potion of mutation]
  9416 | D:7      | Reached skill level 3 in Evocations
 10014 | D:8      | Reached skill level 12 in Long Blades
 10201 | D:8      | Noticed Grum
 10206 | D:8      | Reached XP level 10. HP: 72/77 MP: 8/11
 10224 | D:8      | Killed Grum
 10412 | D:8      | Found an opulent altar of Gozag.
 10415 | D:8      | Found a sacrificial altar of Ru.
 10453 | D:8      | Noticed Gastronok
 10475 | D:8      | Killed Gastronok
 10475 | D:8      | Reached skill level 9 in Armour
 10786 | D:8      | Reached skill level 13 in Long Blades
 10824 | D:8      | Noticed Maurice
 10853 | D:8      | Found a staircase to the Lair.
 10857 | Lair:1   | Entered Level 1 of the Lair of Beasts
 10927 | D:8      | Killed Maurice
 11040 | D:8      | Found a glowing silver altar of Zin.
 11046 | D:8      | Found a shattered altar of Ashenzari.
 11047 | D:8      | Found a blossoming altar of Fedhas.
 11049 | D:8      | Found a basalt altar of Yredelemnul.
 11052 | D:8      | Found a bloodstained altar of Trog.
 11237 | D:9      | Noticed Erolcha
 11240 | D:9      | Reached ***** piety under Ieoh Jian
 11253 | D:9      | Killed Erolcha
 11253 | D:9      | Reached skill level 9 in Dodging
 11464 | D:9      | Found a stormy altar of Qazlal.
 11663 | D:9      | Found a blossoming altar of Fedhas.
 11879 | D:9      | Reached XP level 11. HP: 77/85 MP: 11/13
 12377 | D:10     | Entered Level 10 of the Dungeon
 12715 | D:10     | Killed an unseen horror
 12715 | D:10     | Reached skill level 3 in Stealth
 12984 | D:10     | Got a dazzling flail
 12985 | D:10     | Identified the +10 flail of Nightmares {holy, Int+2} (You found it on level 10 of the Dungeon)
 13327 | D:10     | Killed an unseen horror
 13608 | D:10     | Noticed Snorg
 13638 | D:10     | Slain by Snorg

Vault maps used:
D:1:      lemuel_arrival_hallway
D:2:      eat_drink_and_be_merry_uskayaw, st_stairs_14
D:3:      uniq_robin, uniq_iyjb
D:4:      lemuel_zombie_altar_kikubaaqudgha, tso_oasis_becter,
          minmay_temple_entry_enclosed_plants, first_bread,
          serial_park_tiny_pond, uniq_duvessa
D:6:      st_stairs_13, uniq_crazy_yiuf_cottage
D:7:      nicolae_ossuary_entry_false_entrances
D:8:      minitemple, lair_entry_dummy, uniq_maurice, uniq_gastronok, uniq_grum
D:9:      kennysheep_mini_moat, hangedman_little_slice_of_home, fedhas_altar_1,
          uniq_erolcha
D:10:     minmay_misc_feat_pillars, uniq_snorg
Temple:   grunt_temple_mini_profane
Lair:1:   guppyfry_lair_drakes, serial_bayou_shore_a
Ossuary:  ossuary_minmay_chase

Skill      XL: |  1  2  3  4  5  6  7  8  9 10 11 |
---------------+----------------------------------+-----
Armour         | 1 2 3 4 5 7 8 9 |  9.8
Long Blades    | 4 5 6 7 8 10 12 13 | 13.8
Dodging        | 4 5 7 8 9 |  9.4
Evocations     | 3 4 5 |  5.2
Fighting       | 4 5 |  5.0
Stealth        | 2 3 |  3.2

Action                   |  1- 3 |  4- 6 |  7- 9 | 10-12 || total
-------------------------+-------+-------+-------+-------++-------
Melee: Falchion          |    49 |   151 |   602 |   379 ||  1181
       Headbutt          |    12 |    30 |   133 |   105 ||   280
       Kick              |       |       |    85 |       ||    85
Throw: Stone             |       |    12 |    91 |       ||   103
       Tomahawk          |       |       |     5 |       ||     5
Invok: Serpent's Lash    |       |       |       |     1 ||     1
Evoke: Wand              |       |       |     6 |     2 ||     8
  Use: Scroll            |       |     7 |     7 |     2 ||    16
       Potion            |       |     2 |     3 |     1 ||     6
 Stab: Sleeping          |     5 |     1 |     1 |    16 ||    23
       Confused          |       |       |     4 |       ||     4
       Distracted        |       |       |     1 |     4 ||     5
  Eat: Chunk             |     1 |     7 |    14 |     6 ||    28
       Royal jelly       |       |       |     2 |       ||     2
       Meat ration       |       |       |     1 |     1 ||     2
Armor: Robe              |     2 |       |       |       ||     2
       Scale mail        |     5 |    83 |   115 |       ||   203
       Leather armour    |       |       |     7 |    60 ||    67
Dodge: Dodged            |    28 |    76 |   187 |   131 ||   422
Block: Buckler           |       |       |    35 |    41 ||    76
       Rpst.: Falchion   |    10 |    23 |    64 |    37 ||   134
